 Dungeon Crawl Stone Soup version 0.17.1-3-g152610e (webtiles) character file.

11558 Gargoyl the Protected (level 11, -14/85 HPs)
             Began as a Demonspawn Abyssal Knight on Mar 20, 2016.
             Was the Champion of Lugonu.
             Demolished by an earth elemental (28 damage)
             ... on level 4 of the Orcish Mines.
             The game lasted 00:32:07 (12438 turns).

Gargoyl the Protected (Demonspawn Abyssal Knight)  Turns: 12438, Time: 00:32:08

Health: -14/85     AC: 18    Str: 20    XL:     11   Next: 50%
Magic:  13/13      EV: 14    Int: 14    God:    Lugonu [******]
Gold:   856        SH:  0    Dex: 17    Spells: 0 memorised, 10 levels left

rFire  + . .     SeeInvis .     j - +2 war axe (elec)
rCold  x . .     Clarity  .     F - +0 plate armour
rNeg   . . .     SustAt   .     l - +0 buckler
rPois  .         Gourm    .     (helmet restricted)
rElec  .         Spirit   .     s - +1 cloak
rCorr  .         Warding  .     (no gloves)
rMut   .         Rnd*Tele +     (no boots)
MR     +....                    (no amulet)
Stlth  ..........               w - ring of protection from magic
                                n - ring of Yqouneom {Fire Str+4}

@: confused, agile, somewhat resistant to hostile enchantments, extremely
unstealthy
A: antennae 1, talons 1, molten scales 1, demonic guardian 2, mutation
resistance 1, regeneration 1, spiny 2, teleportitis 1
a: Depart the Abyss, Bend Space, Banish, Corrupt, Enter the Abyss, Brand Weapon
With Distortion, Renounce Religion


You were on level 4 of the Orcish Mines.
You worshipped Lugonu.
Lugonu was exalted by your worship.
You were very hungry.

You visited 2 branches of the dungeon, and saw 14 of its levels.
You visited the Abyss 1 time.
You also visited: Volcano.

You collected 1300 gold pieces.
You spent 444 gold pieces at shops.

Inventory:

Hand Weapons
 j - a +2 war axe of electrocution (weapon)
 m - a +2 flail of protection
Missiles
 A - 4 silver tomahawks (quivered)
 E - 24 tomahawks
Armour
 l - a +0 buckler (worn)
 s - a +1 cloak (worn)
 F - a +0 plate armour (worn)
 K - a +1 helmet
Rods
 D - a +0 rod of the swarm (12/12)
   (You found it on level 6 of the Dungeon)
Jewellery
 f - an uncursed ring of fire
 n - the ring of Yqouneom (left hand) {Fire Str+4}
   (You bought it in a shop on level 1 of the Orcish Mines)

   [ring of fire]

   It enhances your fire magic, and weakens your ice magic.
   It affects your strength (+4).
   It protects you from fire.
   It makes you vulnerable to cold.
 w - a ring of protection from magic (right hand)
Wands
 e - a wand of magic darts (29)
 G - a wand of disintegration (24)
 M - a wand of lightning (8)
Scrolls
 g - 5 scrolls of remove curse
 h - a scroll of amnesia
 r - 5 scrolls of identify
Potions
 a - a potion of haste
 p - a potion of ambrosia
 z - 2 potions of curing
Books
 C - a book of Power

   Spells                             Type                      Level
   a - Fulminant Prism                Conjuration/Hexes            4
   b - Iskenderun's Mystic Blast      Conjuration                  4
   c - Venom Bolt                     Conjuration/Poison           5
   d - Bolt of Magma                  Conjuration/Fire/Earth       5
   e - Iron Shot                      Conjuration/Earth            6
   f - Orb of Destruction             Conjuration                  7
   g - Spellforged Servitor           Conjuration/Summoning        7
 L - a book of Burglary

   Spells                             Type                      Level
   a - Swiftness                      Charms/Air                   2
   b - Passwall                       Transmutation/Earth          3
   c - Passage of Golubria            Translocation                4
   d - Lee's Rapid Deconstruction     Earth                        5
   e - Darkness                       Hexes                        6
   f - Invisibility                   Hexes                        6
Comestibles
 b - a beef jerky
 c - 5 bread rations
 i - 5 chunks of flesh
 u - a royal jelly
 v - 5 meat rations


   Skills:
 + Level 7.6 Fighting
 + Level 7.6 Axes
 + Level 1.0 Throwing
 * Level 11.6 Armour
 + Level 5.0 Dodging
 + Level 2.8 Stealth
 + Level 4.0 Shields
 + Level 3.0 Invocations


You had 10 spell levels left.
You didn't know any spells.

Dungeon Overview and Level Annotations

Branches:
Dungeon (10/15)            Temple (0/1) D:6             Orc (4/4) D:9
    Elf (0/3) Orc:3
   Lair: D:8-11

Altars:
Elyvilon
Trog
Xom

Shops:
Orc:1 =


Innate Abilities, Weirdness & Mutations

You have sharp toenails.
You are partially covered in molten scales (AC +1).
A demonic guardian rushes to your aid.
You are mostly covered in sharp spines.
You have a pair of small antennae on your head.
You are somewhat resistant to further mutation.
Your natural rate of healing is unusually fast.
You are occasionally teleported next to monsters.


Message History

The earth elemental hits you!
* * * LOW HITPOINT WARNING * * *
Welcome back to the Orcish Mines!
Your summoned ally is left behind.
There is a collapsed entrance here.
Drink which item? (? for menu, Esc to quit)
It was a potion of ambrosia.
You are confused.
You feel invigorated. The fire elemental hits you.
The fire elemental burns you! You resist.
* * * LOW HITPOINT WARNING * * *
The toenail golem hits you.
* * * LOW HITPOINT WARNING * * *
You're too confused!
You bump into the rock wall.
The fire elemental hits you.
* * * LOW HITPOINT WARNING * * *
The fire elemental burns you! You resist.
* * * LOW HITPOINT WARNING * * *
The toenail golem hits you but does no damage.
The earth elemental hits you!!
You die...

### ##@## #EE8#
##.## ##.##
#.## #. ##[## .
## ...
##.≈≈##.#.##
....
##.≈≈≈≈##...
...##.≈≈≈≈≈≈#..


You could see a toenail golem, an earth elemental and a fire elemental.

Vanquished Creatures
  Josephine (Orc:2)
  Sonja (Orc:3)
  Nergalle (Orc:3)
  An unseen horror (D:10)
  An orc knight (Orc:1)
  The ghost of MirrMurr the Covert, a novice SpEn (D:7)
  2 trolls
  A fire elemental (Volcano)
  A warg (Orc:2)
  11 orc warriors
  2 sky beasts (D:7)
  2 necrophages
  4 ice beasts
  11 ogres
  A phantom (D:4)
  3 centaurs
  4 big kobolds
  5 giant frogs
  4 scorpions
  A wyvern skeleton (D:8)
  6 wights
  3 crimson imps
  4 jellies
  A giant frog zombie (D:7)
  6 hounds
  18 orc wizards
  2 giant frog skeletons
  2 worker ants
  2 centaur skeletons
  7 iguanas
  19 orc priests
  A sheep (D:6)
  9 adders
  4 gnolls (D:8)
  A shadow imp (D:5)
  An ooze (D:4)
  An adder skeleton (D:7)
  A worm (D:2)
  139 orcs
  4 giant cockroaches
  8 hobgoblins
  14 jackals
  21 kobolds
  2 ball pythons (D:3)
  A ball python zombie (D:5)
  10 bats
  4 giant geckos
  3 giant newts
  7 goblins
  4 quokkas
  7 rats
370 creatures vanquished.

Vanquished Creatures (collateral kills)
  An orc high priest (Orc:3)
  An ugly thing (Volcano)
  The ghost of Gargoyl the Covered, a novice DsAK of Lugonu (D:5)
  A troll (D:9)
  A deep elf mage (D:9)
  4 wraiths (Orc:2)
  A phantom (D:10)
  3 orc warriors
  A centaur (D:10)
  2 ogres
  A wight (D:7)
  An orc priest (Orc:3)
  2 jellies (D:9)
  2 orc wizards
  Terence (D:3)
  5 orcs
  3 kobolds
31 creatures vanquished.

Vanquished Creatures (others)
  A fire vortex (Volcano)
1 creature vanquished.

Grand Total: 402 creatures vanquished

Notes
Turn   | Place    | Note
--------------------------------------------------------------
     0 | Abyss:1  | Gargoyl the Demonspawn Abyssal Knight began the quest for the Orb.
     0 | Abyss:1  | Reached XP level 1. HP: 18/18 MP: 2/2
    58 | Abyss:1  | Noticed a large abomination
    81 | D:1      | Escaped the Abyss
   501 | D:1      | Reached skill level 1 in Dodging
   522 | D:1      | Gained mutation: A weak demonic guardian rushes to your aid. [demonic ancestry]
   522 | D:1      | Reached XP level 2. HP: 22/24 MP: 4/4
   821 | D:1      | Reached * piety under Lugonu
  1317 | D:1      | Reached XP level 3. HP: 29/29 MP: 5/5
  1654 | D:2      | Reached ** piety under Lugonu
  1992 | D:2      | Gained mutation: You are partially covered in sharp spines. [demonic ancestry]
  1992 | D:2      | Reached XP level 4. HP: 9/35 MP: 6/6
  2872 | D:3      | Found a faded altar to an unknown god.
  2914 | D:3      | Noticed Terence
  2922 | D:3      | Killed Terence
  2981 | D:3      | Gained mutation: You are mostly covered in sharp spines. [demonic ancestry]
  2981 | D:3      | Reached XP level 5. HP: 38/41 MP: 7/7
  3070 | D:3      | Noticed an ogre
  3076 | D:3      | Killed an ogre
  3386 | D:4      | Noticed a phantom
  3396 | D:4      | Killed a phantom
  3396 | D:4      | Reached skill level 4 in Armour
  3396 | D:4      | Gained mutation: A demonic guardian rushes to your aid. [demonic ancestry]
  3396 | D:4      | Reached XP level 6. HP: 44/47 MP: 8/8
  3896 | D:4      | Reached *** piety under Lugonu
  4232 | D:5      | Entered Level 5 of the Dungeon
  4238 | D:5      | Reached skill level 1 in Shields
  4259 | D:5      | Reached skill level 5 in Armour
  4259 | D:5      | Reached skill level 1 in Stealth
  4259 | D:5      | Reached XP level 7. HP: 36/53 MP: 9/9
  4458 | D:5      | Noticed Gargoyl's ghost (novice DsAK)
  4478 | D:5      | Killed Gargoyl's ghost
  4478 | D:5      | Reached skill level 6 in Armour
  4674 | D:5      | Gained mutation: You are partially covered in molten scales (AC +1). [demonic ancestry]
  4674 | D:5      | Reached XP level 8. HP: 53/60 MP: 10/10
  4816 | D:5      | Reached **** piety under Lugonu
  5157 | D:6      | Reached skill level 7 in Armour
  5375 | D:6      | Found a bloodstained altar of Trog.
  5652 | D:6      | Reached skill level 8 in Armour
  5710 | D:6      | Gained mutation: You have sharp toenails. [demonic ancestry]
  5710 | D:6      | Reached XP level 9. HP: 42/66 MP: 11/11
  5997 | D:6      | Found a staircase to the Ecumenical Temple.
  6854 | D:6      | Reached skill level 5 in Fighting
  7053 | D:7      | Identified a +0 rod of the swarm (12/12) (You found it on level 6 of the Dungeon)
  7089 | D:7      | Reached skill level 9 in Armour
  7116 | D:7      | Gained mutation: You are somewhat resistant to further mutation. [mutagenic meat]
  7117 | D:7      | Gained mutation: You have a pair of small antennae on your head. [mutagenic meat]
  7167 | D:7      | Noticed MirrMurr's ghost (novice SpEn)
  7175 | D:7      | Killed MirrMurr's ghost
  7175 | D:7      | Reached skill level 5 in Axes
  7175 | D:7      | Reached skill level 1 in Throwing
  7526 | D:7      | Found a white marble altar of Elyvilon.
  8058 | D:7      | You fall through a shaft for 3 floors!
  8058 | D:10     | Entered Level 10 of the Dungeon
  8064 | D:10     | Reached XP level 10. HP: 66/76 MP: 12/12
  8113 | D:10     | Found a shimmering altar of Xom.
  8246 | D:10     | Reached ***** piety under Lugonu
  8416 | D:10     | Killed an unseen horror
  8416 | D:10     | Reached skill level 10 in Armour
  9023 | D:8      | Gained mutation: Your natural rate of healing is unusually fast. [potion of beneficial mutation]
  9031 | D:8      | Gained mutation: You are occasionally teleported next to monsters. [potion of mutation]
 10188 | D:9      | Found a staircase to the Orcish Mines.
 10428 | Orc:1    | Entered Level 1 of the Orcish Mines
 10428 | Orc:1    | Found a bloodstained altar of Trog.
 10705 | Orc:1    | Found Ziofriwk's Jewellery Boutique.
 10708 | Orc:1    | Bought the ring of Yqouneom {Fire Str+4} for 444 gold pieces
 10862 | Orc:2    | Noticed an orc knight
 10864 | Orc:2    | Reached ****** piety under Lugonu
 10879 | Orc:1    | Killed an orc knight
 10891 | Orc:1    | Reached skill level 11 in Armour
 11116 | Orc:2    | Reached XP level 11. HP: 81/84 MP: 13/13
 11144 | Orc:2    | Noticed Josephine
 11154 | Orc:2    | Killed Josephine
 11154 | Orc:2    | Reached skill level 5 in Dodging
 11375 | Orc:3    | Found a staircase to the Elven Halls.
 11608 | Orc:3    | Noticed Sonja
 11798 | Orc:2    | Found a bloodstained altar of Trog.
 12004 | Orc:3    | Noticed an orc high priest
 12006 | Orc:3    | Noticed an ice devil
 12008 | Orc:3    | Noticed a soul eater
 12041 | Orc:3    | Killed an orc high priest
 12196 | Orc:3    | Noticed Nergalle
 12209 | Orc:3    | Killed Nergalle
 12256 | Orc:3    | Killed Sonja
 12349 | Orc:4    | Entered Level 4 of the Orcish Mines
 12385 | Orc:4    | Found a dark tunnel.
 12391 | Volcano  | Entered a volcano
 12438 | Orc:4    | Demolished by an earth elemental

Action                   |  1- 3 |  4- 6 |  7- 9 | 10-12 || total
-------------------------+-------+-------+-------+-------++-------
Melee: Lajatang          |    21 |       |       |       ||    21
       Hand axe          |   144 |    76 |    73 |       ||   293
       War axe           |       |       |    89 |   283 ||   372
       Battleaxe         |       |       |    44 |       ||    44
Throw: Tomahawk          |       |       |     5 |       ||     5
Invok: Depart the Abyss  |     1 |       |       |       ||     1
       Banish            |       |       |       |     3 ||     3
  Use: Scroll            |       |       |    11 |     7 ||    18
       Potion            |       |       |       |    17 ||    17
 Stab: Distracted        |       |     1 |       |     3 ||     4
       Invisible         |       |       |       |     4 ||     4
  Eat: Chunk             |     4 |     6 |    14 |     6 ||    30
       Bread ration      |       |       |     1 |       ||     1
       Fruit             |       |       |       |     7 ||     7
       Pizza             |       |       |       |     1 ||     1
       Beef jerky        |       |       |       |     1 ||     1
